 Dungeon Crawl Stone Soup version 0.32-a0-540-g866d13106e (webtiles) character file.

Game seed: 8157877788526125293

322 Atlas the Ruffian (level 6, 0/43 HPs)
             Began as a Demonspawn Shapeshifter on Feb 28, 2024.
             Slain by a hound (2 damage)
             ... on level 4 of the Dungeon.
             The game lasted 00:02:27 (2725 turns).

Atlas the Ruffian (Demonspawn Shapeshifter)         Turns: 2725, Time: 00:02:27

Health: 0/43       AC:  3    Str: 16    XL:     6   Next: 22%
Magic:  6/6        EV: 12    Int: 10    God:
Gold:   216        SH:  0    Dex: 13    Spells: 5/5 levels left

rFire   . .          .
                       - Unarmed
rCold   . . .        (no shield)
rNeg    . . .        g - +0 leather armour
rPois   .            (helmet currently unavailable)
rElec   .            (cloak currently unavailable)
rCorr   .            (gloves currently unavailable)
SInv    .            (boots currently unavailable)
Will    .....        (no amulet)
Stlth   +            (no ring)
HPRegen 0.27/turn    (no ring)
MPRegen 0.10/turn

%: no passive effects
@: on fire, beast-form, glowing
A: beast (slay +1), hooves 1, demonic guardian 1
a: Begin Untransformation


You were on level 4 of the Dungeon.
You were a hulking beast.
You visited 1 branch of the dungeon, and saw 4 of its levels.

You collected 216 gold pieces.

Inventory:

Armour
 g - a +0 leather armour (worn)
 h - a +1 cloak
 q - a +1 pair of boots
Talismans
 c - a beast talisman (active)
 d - a flux talisman
Scrolls
 a - 2 scrolls of noise {unknown}
 f - a scroll of blinking {unknown}
 i - a scroll of teleportation {unknown}
 l - a scroll of poison {unknown}
 m - a scroll of immolation
 n - 3 scrolls of identify {unknown}
 r - a scroll of silence {unknown}
Potions
 b - a potion of lignification
 e - a potion of heal wounds {unknown}
 j - 2 potions of attraction {unknown}
 k - a potion of degeneration {unknown}
 o - a potion of haste {unknown}
 p - a potion of invisibility {unknown}


   Skills:
 + Level 1.5 Fighting
 + Level 2.3 Armour
 + Level 2.6 Dodging
 + Level 0.6 Stealth
 + Level 4.7 Unarmed Combat
 + Level 3.3 Shapeshifting


You had 5 spell levels left.
You didn't know any spells.
Your spell library contained the following spells:

 Spells                   Type           Power      Damage    Failure   Level
 Sublimation of Blood     Necr           0%         N/A       56%         2
 Petrify                  Alch/Erth      0%         N/A       99%         4
 Irradiate                Conj/Alch      0%         3d11      100%        5


Dungeon Overview and Level Annotations

Branches:
Dungeon (4/15)
 Temple: D:4-7

Altars:
Ru
Wu Jian

Annotations:
D:3 2 transporters, Tollund's ghost, amateur FoFi


Innate Abilities, Weirdness & Mutations

You are a hulking beast.
Your limbs bulge with bestial killing power. (Slay +1)
You have large cloven feet.
A weak demonic guardian rushes to your aid.


Message History

You are too injured to fight recklessly!
You are too injured to fight recklessly!
You shake off the liquid fire.
The hound bites you. x2
The bombardier beetle barely misses you.
You punch the bombardier beetle!
The bombardier beetle is heavily wounded.
The hound bites you.
Your iron imp closely misses the hound.
You hit the bombardier beetle.
You punch the bombardier beetle, but do no damage.
The bombardier beetle is heavily wounded.
The hound barely misses you. The bombardier beetle bites you.
The hound closely misses you.
Your iron imp barely misses the hound.
You hit the bombardier beetle but do no damage.
The bombardier beetle is heavily wounded.
The hound closely misses you.
The bombardier beetle sprays incendiary fluid at you.
The burning spray hits you.
You are covered in liquid fire!
Unknown command.
You barely miss the bombardier beetle. Your kick misses the bombardier beetle.
The bombardier beetle is heavily wounded.
The liquid fire burns you!
* * * LOW HITPOINT WARNING * * *
The hound misses you.
Your iron imp closely misses the hound.
You hit the bombardier beetle.
You kick the bombardier beetle, but do no damage.
The bombardier beetle is heavily wounded.
The liquid fire burns you!
* * * LOW HITPOINT WARNING * * *
A demonic guardian appears!
The hound closely misses you.
Your iron imp closely misses the bombardier beetle.
The hound barely misses you.
The bombardier beetle barely misses you.
You closely miss the bombardier beetle.
The bombardier beetle is heavily wounded.
The liquid fire burns you!
* * * LOW HITPOINT WARNING * * *
The hound bites you.
You die...

#####..........# #...#
#..... ####.#######
#...# ###.## #.# #...#
#.# #.# #...# #.# #.#
#...# #.# ########.#
####(### #.#
#........########5.....#
#..
#.#########<...h5....#.#
### ..# #.#..Bh....#.#
### .........#.## .
#............ ..
#....#...........
#.....[.....###r..
#.#.##.####.# .... .. .#
.# ## .


You could see a bombardier beetle (ally target), a hound (ally target), a
friendly iron imp (summoned) and a friendly ufetubus (summoned).

Vanquished Creatures
  A bullfrog (D:4)
  A scorpion (D:4)
  A bombardier beetle (D:3)
  A jelly (D:4)
  An adder (D:3)
  3 dart slugs
  2 orcs
  5 bats
  10 endoplasms
  4 giant cockroaches
  6 goblins
  6 hobgoblins
  4 jackals (D:3)
  5 quokkas
  16 ball pythons
  4 frilled lizards
  5 kobolds
  2 rats
77 creatures vanquished.

Vanquished Creatures (collateral kills)
  An iguana (D:4)
  A gnoll (D:1)
  A hobgoblin (D:1)
3 creatures vanquished.

Grand Total: 80 creatures vanquished

Notes
Turn   | Place    | Note
-------+----------+-------------------------------------------
     0 | D:1      | Atlas the Demonspawn Shapeshifter began the quest for the
                  | Orb.
     0 | D:1      | Reached XP level 1. HP: 15/15 MP: 1/1
   133 | D:1      | Reached skill level 3 in Unarmed Combat
   134 | D:1      | Gained mutation: A weak demonic guardian rushes to your
                  | aid. [demonic ancestry]
   134 | D:1      | Reached XP level 2. HP: 13/21 MP: 2/2
   334 | D:1      | HP: 1/21 [gnoll/+0 spear (3)]
   343 | D:1      | Reached XP level 3. HP: 4/26 MP: 3/3
   939 | D:2      | Reached skill level 1 in Armour
  1085 | D:2      | Reached XP level 4. HP: 24/32 MP: 4/4
  1357 | D:3      | Found a transporter.
  1421 | D:3      | Found an ornate altar of the Wu Jian Council.
  1517 | D:3      | Noticed Tollund's ghost (amateur FoFi)
  1518 | D:3      | Found a transporter.
  1564 | D:3      | Found a sacrificial altar of Ru.
  1644 | D:3      | Found a faded altar of an unknown god.
  1830 | D:3      | Reached skill level 4 in Unarmed Combat
  2080 | D:4      | Reached XP level 5. HP: 31/37 MP: 5/5
  2545 | D:4      | Discovered your monstrous ancestry.
  2545 | D:4      | Gained mutation: You have large cloven feet. [demonic
                  | ancestry]
  2545 | D:4      | Reached XP level 6. HP: 39/43 MP: 6/6
  2725 | D:4      | HP: 2/43 [burnt (3)]
  2725 | D:4      | Slain by a hound

Illustrated notes

Levels and vault maps discovered:
D:1:      dpeg_arrival_tiny_b, layout_basic
D:2:      layout_rooms
D:3:      layout_rooms, nzn_wu_jian_contemplation,
          nicolae_ru_sacrificial_ziggurat, hellmonk_ecumenical_altar_blasted,
          gammafunk_ghost_arena, wad_floor_pattern_1
D:4:      layout_loops_cross

Skill      XL: |  1  2  3  4  5 |
---------------+----------------+-----
Unarmed Combat | 3 4 |  4.7
Shapeshifting  | 3 |  3.3
Dodging        | 2 |  2.6
Armour         | 1 2 |  2.3
Fighting       | |  1.5
Stealth        | |  0.6

Action                     |  1- 3 |  4- 6 || total
---------------------------+-------+-------++-------
  Melee: Unarmed           |   124 |   132 ||   256
         Punch             |     4 |     5 ||     9
         Kick              |       |     3 ||     3
 Armour: Animal skin       |    14 |       ||    14
         Leather armour    |    72 |    85 ||   157
  Dodge: Dodged            |    87 |    76 ||   163

Table legend: (Time is in decaauts)
 A = Elapsed time spent in this place.
 B = Non-inter-level travel time spent in this place.
 C = Inter-level travel time spent in this place.
 D = Time resting spent in this place.
 E = Time spent auto-exploring this place.
 F = Levels seen in this place.
 G = Mean time per level.
                   A        B        C        D        E       F      G
               +--------+--------+--------+--------+--------+-----+--------+
         Total |   2706 |   2665 |     41 |     91 |   2021 |   4 |  676.5 |
       Dungeon |   2706 |   2665 |     41 |     91 |   2021 |   4 |  676.5 |
               +--------+--------+--------+--------+--------+-----+--------+

Top non-repeatable levels by time:
     D:1: 750 daAuts
     D:3: 706 daAuts
     D:4: 652 daAuts
     D:2: 596 daAuts
